 Dungeon Crawl Stone Soup version 0.21.1-1-g345015f (webtiles) character file.

64 inc the Conjurer (level 3, -2/14 HPs)
             Began as a Felid Air Elementalist on Mar 1, 2018.
             Killed from afar by an orc wizard (6 damage)
             ... with a magic dart
             ... on level 3 of the Dungeon.
             The game lasted 00:04:47 (2310 turns).

inc the Conjurer (Felid Air Elementalist)           Turns: 2310, Time: 00:04:48

Health: -2/14      AC:  1    Str:  4    XL:     3   Next: 91%
Magic:  0/7        EV: 18    Int: 17    God:
Gold:   131        SH:  0    Dex: 16    Spells: 5/6 levels left
                                        Lives:  0   Deaths: 0

rFire    . . .     SeeInvis +   (weapon unavailable)
rCold    . . .     Gourm    .   (shield unavailable)
rNeg     . . .     Faith    .   (armour unavailable)
rPois    .         Spirit   .   (helmet unavailable)
rElec    .         Reflect  .   (cloak unavailable)
rCorr    .         Harm     .   (gloves unavailable)
MR       .....                  (boots unavailable)
Stlth    +++.......             (no amulet)
HPRegen  0.04/turn              (no ring)
MPRegen  0.10/turn              (no ring)

@: quick
A: very small, no armour, no weapons or thrown items, stealth, claws 1, fangs 3,
see invisible, carnivore, speed 1, shaggy fur 1, slow metabolism 1, sharp paws
a: no special abilities


You were on level 3 of the Dungeon.
You were not hungry.

You visited 1 branch of the dungeon, and saw 4 of its levels.

You collected 131 gold pieces.

Inventory:

Jewellery
 i - an uncursed ring of ice
Scrolls
 c - 2 scrolls of magic mapping {unknown}
 d - a scroll of identify
 k - a scroll of fog {unknown}
Potions
 e - a potion of heal wounds
 f - a potion of haste
 g - a potion of mutation
 h - a potion of brilliance
 j - a potion of flight
Books
 a - a book of Air

   Spells                             Type                      Level
   a - Shock                          Conjuration/Air              1
   b - Swiftness                      Charms/Air                   2
   c - Static Discharge               Conjuration/Air              3
   d - Airstrike                      Air                          4
   e - Lightning Bolt                 Conjuration/Air              5
Comestibles
 b - 6 rations


   Skills:
 - Level 2.6 Dodging
 - Level 2.6 Stealth
 - Level 2.0 Spellcasting
 + Level 3.1 Conjurations
 + Level 3.1 Air Magic


You had 5 spell levels left.
You knew the following spells:

 Your Spells              Type           Power        Failure   Level  Hunger
a - Shock                 Conj/Air       ##..         5%          1    #......


Dungeon Overview and Level Annotations

Branches:
Dungeon (4/15)
 Temple: D:4-7

Altars:
Ru

Annotations:
D:4 Dowan, Duvessa


Innate Abilities, Weirdness & Mutations

You cannot wear armour.
You are incapable of wielding weapons or throwing items.
Your paws allow you to move quietly. (Stealth)
You have sharp claws.
You have razor-sharp teeth.
You have supernaturally acute eyesight. (SInv)
You are carnivorous and can eat meat at any time.
You cover ground quickly.
You are covered in fur. (AC +1)
You have a slow metabolism.
Your sharp claws are effective at attacking unaware monsters.


Message History

The zap misses the orc wizard.
The orc wizard barely misses you.
The orc wizard gestures at you while chanting.
The magic dart hits you!
Casting: Shock
Confirm with . or Enter, or press ? or * to list all spells.
Aiming: Shock
Press: ? - help, Shift-Dir - straight line, f/p - orc wizard
Aim: an orc wizard, wielding a dagger and wearing a robe (fast)
The zap hits the orc wizard.
The orc wizard is moderately wounded.
The orc wizard hits you with a dagger.
* * * LOW HITPOINT WARNING * * *
Casting: Shock
Confirm with . or Enter, or press ? or * to list all spells.
You don't have enough magic to cast that spell.
Unknown command.
Okay, then.
The orc wizard casts a spell at you. The magic dart hits you!
You die...

#........†..# ##.####.#.#### ##
...####.#.### ..# ##...##.#...#
#.# ###.##.###.# #.#
####)##.###o# #.# ............#
#.#
####.###....################.#
###(..##.#......@.o).....>)..#
#.......†...################.#
#.#...###...# #.# ........#######
#.# ..............##########
#<####
#)#....##o....#.)....o.#####o....
.....#.##(.o..#)######.o<....####
#.####..#.....#.# #########
#.#######.....o.#


You could see an orc wizard.

Vanquished Creatures
  2 adders
  An ooze (D:1)
  A dart slug (D:1)
  2 leopard geckos (D:1)
  3 orcs (D:3)
  A giant cockroach (D:3)
  5 hobgoblins
  9 kobolds
  4 bats
  3 frilled lizards
  A goblin (D:2)
  5 rats
37 creatures vanquished.

Notes
Turn   | Place    | Note
-------+----------+-------------------------------------------
     0 | D:1      | inc the Felid Air Elementalist began the quest for the Orb.
     0 | D:1      | Reached XP level 1. HP: 7/7 MP: 4/4
     2 | D:1      | Reached skill level 1 in Conjurations
   479 | D:1      | Reached XP level 2. HP: 11/11 MP: 3/6
  1444 | D:2      | Reached XP level 3. HP: 14/14 MP: 3/7
  1574 | D:2      | Found a sacrificial altar of Ru.
  2154 | D:4      | Noticed Duvessa
  2154 | D:4      | Noticed Dowan
  2310 | D:3      | Killed from afar by an orc wizard

Skill      XL: |  1  2  3 |
---------------+----------+-----
Conjurations   | 1 2 3 |  3.1
Air Magic      | 3 |  3.1
Dodging        | |  2.6
Stealth        | |  2.6
Spellcasting   | |  2.0

Action                   || total
-------------------------++-------
Melee: Unarmed           ||    17
       Bite              ||     1
 Cast: Shock             ||    85
  Use: Scroll            ||     5
  Eat: Chunk             ||     5
Armor: Skin              ||     2
Dodge: Dodged            ||    38
